 Dungeon Crawl Stone Soup version 0.28.0-53-g5a82cb258f (webtiles) character file.

Game seed: 16043581795243145993

123 Sin92 the Skirmisher (level 4, -3/36 HPs)
             Began as a Demonspawn Fighter on Aug 15, 2022.
             Slain by a sky beast (5 damage)
             ... on level 4 of the Dungeon.
             The game lasted 00:01:22 (2876 turns).

Sin92 the Skirmisher (Demonspawn Fighter)           Turns: 2876, Time: 00:01:23

Health: -3/36      AC:  9    Str: 18    XL:     4   Next: 80%
Magic:  4/4        EV:  9    Int: 10    God:
Gold:   156        SH:  8    Dex: 12    Spells: 3/3 levels left

rFire   . . .      SeeInvis .   a - +1 war axe
rCold   . . .      Faith    .   c - +0 buckler
rNeg    . . .      Spirit   .   b - +0 scale mail
rPois   .          Reflect  .   (no helmet)
rElec   .          Harm     .   (no cloak)
rCorr   .          Rampage  .   l - +0 pair of gloves
Will    .....                   k - +0 pair of boots
Stlth   ..........              (no amulet)
HPRegen 0.12/turn               (no ring)
MPRegen 0.09/turn               (no ring)

@: no status effects
A: condensation shield, weakness stinger 2
a: no special abilities


You were on level 4 of the Dungeon.
You visited 1 branch of the dungeon, and saw 4 of its levels.

You collected 156 gold pieces.

Inventory:

Hand Weapons
 a - a +1 war axe (weapon)
Armour
 b - a +0 scale mail (worn)
 c - a +0 buckler (worn)
 k - a +0 pair of boots (worn)
 l - a +0 pair of gloves (worn)
Wands
 h - a wand of digging (7)
Scrolls
 f - 2 scrolls of identify {unknown}
 g - 2 scrolls of enchant armour {unknown}
 p - a scroll of fear {unknown}
 q - a scroll of blinking {unknown}
 s - a scroll of amnesia {unknown}
Potions
 d - a potion of might
 e - a potion of flight {unknown}
 j - 2 potions of brilliance {unknown}
 n - a potion of curing {unknown}
 o - a potion of cancellation {unknown}
 r - a potion of attraction {unknown}


   Skills:
 + Level 3.6 Fighting
 * Level 3.2 Axes
 + Level 3.3 Armour
 + Level 3.3 Shields


You had 3 spell levels left.
You didn't know any spells.
Your spell library contained the following spells:

 Spells                   Type           Power      Damage    Failure   Level
 Shock                    Conj/Air       0%         1d3       83%         1
 Haunt                    Necr/Summ      0%         N/A       100%        7
 Necromutation            Tmut/Necr      0%         N/A       100%        8


Dungeon Overview and Level Annotations

Branches:
Dungeon (4/15)
 Temple: D:4-7

Altars:
Uskayaw
Xom

Shops:
D:2 (


Innate Abilities, Weirdness & Mutations

A meltable shield of frost defends you. (SH +4)
You have a tail ending in a sharp stinger.


Message History

Unknown command.
You miss something.
Something hits you but does no damage. x2
No target in view!
Unknown command.
You barely miss something.
Your tail-slap misses something.
Something hits you. Something shocks you.
No target in view!
Unknown command.
Something hits you. Something shocks you.
No target in view!
No target in view!
You barely miss something. Something hits you but does no damage.
You hit something but do no damage. Something hits you but does no damage.
Something completely misses you.
You miss something.
Your tail-slap misses something.
Something hits you but does no damage.
You slash something! Something hits you. Something shocks you.
Something hits you but does no damage.
You miss something. Something hits you. Something shocks you.
* * * LOW HITPOINT WARNING * * *
You miss something. Something hits you but does no damage.
A sky beast appears from thin air!
Reactivating autopickup.
The sky beast completely misses you.
You barely miss the sky beast.
The sky beast is moderately wounded.
The sky beast barely misses you.
Unknown command.
You aren't carrying any pieces of jewellery.
As you read the scroll labelled RYDU LEPHEPO, it crumbles to dust.
You feel aware of your surroundings.
It was a scroll of magic mapping.
The sky beast flickers out of sight!
Deactivating autopickup; reactivate with Ctrl-A.
You block something's attack.
As you read the scroll labelled JYLOAPA PU IXUKI, it crumbles to dust.
It is a scroll of enchant weapon.
Your +0 war axe glows red for a moment.
Something hits you.
* * * LOW HITPOINT WARNING * * *
Something shocks you.
You die...

#..............#*,***
##.##..#..######**,,,*
#...##.#.##*********,*
#......#..#,,,,,,,,,,*
#...####.###########**
#...####...........#
######....########.####
#[#### #.#... #@#
********#..... ***#{#
*,,,,,,*###.##
*********,,..#**,,,,,,*
#.#
*,,,,,,,,,##..,,,,,,..#
#.##
*,,,,,,,,,*##.**,,,...*
#...
*,,,,,,,,,,,,.#*,,,.!,*
###.
************#######.#**
#. ########.# #.
###.....### ##


There were no monsters in sight!

Vanquished Creatures
  A jelly (D:4)
  A bullfrog skeleton (D:4)
  Jessica (D:3)
  2 worms
  3 dart slugs
  A ball python (D:4)
  3 endoplasms
  A giant cockroach (D:4)
  4 goblins
  A hobgoblin (D:1)
  An iguana (D:4)
  A jackal (D:4)
  A bat (D:2)
  3 frilled lizards
  3 kobolds
  4 rats
31 creatures vanquished.

Notes
Turn   | Place    | Note
-------+----------+-------------------------------------------
     0 | D:1      | Sin92 the Demonspawn Fighter began the quest for the Orb.
     0 | D:1      | Reached XP level 1. HP: 18/18 MP: 1/1
   205 | D:1      | Found a faded altar of an unknown god.
   385 | D:1      | Gained mutation: You have a small tail. [demonic ancestry]
   385 | D:1      | Reached XP level 2. HP: 15/24 MP: 2/2
   691 | D:1      | You fall into a shaft and drop 1 floor!
   924 | D:2      | Got the Tome of Flight and Sinister Arts
   947 | D:2      | Found Haseg's Antique Weapon Shop.
  2039 | D:3      | Noticed Jessica
  2044 | D:3      | Killed Jessica
  2045 | D:3      | Gained mutation: You have a tail ending in a sharp stinger.
                  | [demonic ancestry]
  2045 | D:3      | Reached XP level 3. HP: 20/29 MP: 3/3
  2406 | D:4      | Gained mutation: A meltable shield of frost defends you.
                  | (SH +4) [demonic ancestry]
  2406 | D:4      | Reached XP level 4. HP: 18/35 MP: 4/4
  2593 | D:4      | Noticed a +0 short sword
  2593 | D:4      | Noticed a +0 falchion
  2593 | D:4      | Noticed a +0 short sword
  2594 | D:4      | Noticed a +0 falchion
  2594 | D:4      | Noticed a +0 dagger
  2596 | D:4      | Noticed a +0 spear
  2611 | D:4      | Found a hide-covered altar of Uskayaw.
  2611 | D:4      | Noticed a +0 spear
  2614 | D:4      | Noticed a +0 dagger
  2659 | D:4      | Found a shimmering altar of Xom.
  2861 | D:4      | Noticed a sky beast
  2876 | D:4      | Slain by a sky beast

Illustrated notes

Levels and vault maps discovered:
D:1:      dpeg_arrival_arbitrary_c, layout_rooms, ebering_ecumenical_altar_mist
D:2:      layout_basic, serial_shops, shop_fountains, minmay_misc_feat_roman
D:3:      layout_loops_ring, minmay_misc_feat_encased, patterned_corridor,
          uniq_jessica
D:4:      layout_basic, dk_xom_monty_hall, nicolae_uskayaw_en_pointe

Skill      XL: |  1  2  3  4 |
---------------+-------------+-----
Axes           | 2 3 |  3.2
Armour         | 3 |  3.3
Shields        | 3 |  3.3
Fighting       | |  3.6

Action                   |  1- 3 |  4- 6 || total
-------------------------+-------+-------++-------
Melee: War axe           |    78 |    24 ||   102
       Tailslap          |     9 |       ||     9
  Use: Scroll            |       |     2 ||     2
Armor: Scale mail        |    30 |    12 ||    42
Dodge: Dodged            |    27 |     8 ||    35
Block: Buckler           |     9 |     6 ||    15
